 Dungeon Crawl Stone Soup version 0.30-a0-879-ga8ba668304 (webtiles) character file.

Game seed: 17642142078627616594

7345 juan097 the Slicer (level 11, -8/72 HPs)
             Began as an Octopode Brigand on Mar 13, 2023.
             Was a High Priest of Zin.
             Mangled by a cyclops (30 damage)
             ... on level 11 of the Dungeon.
             The game lasted 00:42:29 (11646 turns).

juan097 the Slicer (Octopode Brigand)              Turns: 11646, Time: 00:42:29

Health: -8/72      AC:  1    Str: 11    XL:     11   Next: 13%
Magic:  0/15       EV: 20    Int: 19    God:    Zin [*****.]
Gold:   667        SH:  0    Dex: 24    Spells: 10/10 levels left

rFire   . . .      SeeInvis .    a - +2 short sword (flame)
rCold   . . .      Faith    .    (no shield)
rNeg    . . .      Spirit   +    A - +0 hat
rPois   .          Reflect  .    J - amulet of guardian spirit
rElec   .          Rampage  .    o - +6 ring of dexterity
rCorr   .                        F - +6 ring of intelligence
Will    .....                    (no ring)
Stlth   ++++++                   (no ring)
HPRegen 0.32/turn                (no ring)
MPRegen 0.14/turn                (no ring)
                                 (no ring)
                                 (no ring)

@: no status effects
A: almost no armour, amphibious, 8 rings, camouflage 1, gelatinous body 1,
(nimble swimmer 1), tentacles
a: Renounce Religion, Recite, Vitalisation, Imprison, Sanctuary, Donate Gold


You were on level 11 of the Dungeon.
You worshipped Zin.
Zin was extremely pleased with you.
You visited 1 branch of the dungeon, and saw 11 of its levels.
You also visited: Sewer and Ossuary.

You collected 741 gold pieces.
You donated 74 gold pieces to Zin.

Inventory:

Hand Weapons
 a - a +2 short sword of flaming (weapon)
 b - a +0 sling
 p - a +1 dagger of holy wrath
 w - a +2 dagger
 z - a +1 falchion of freezing
Missiles
 c - 5 curare-tipped darts
 d - 32 poisoned darts (quivered)
 h - 14 boomerangs
 t - 2 throwing nets
 I - 4 datura-tipped darts
Armour
 A - a +0 hat (worn)
Jewellery
 o - a +6 ring of dexterity (left tentacle)
 F - a +6 ring of intelligence (right tentacle)
 J - an amulet of guardian spirit (around mantle)
Wands
 n - a wand of digging (9)
 s - a wand of iceblast (13)
Scrolls
 e - a scroll of acquirement
 k - 3 scrolls of teleportation
 l - 3 scrolls of fog
 m - 2 scrolls of blinking
 u - 3 scrolls of vulnerability {unknown}
 v - a scroll of silence
 x - a scroll of immolation
 y - 5 scrolls of enchant armour {unknown}
 B - a scroll of fear {unknown}
 C - a scroll of torment {unknown}
 H - 2 scrolls of enchant weapon {unknown}
 K - 2 scrolls of summoning {unknown}
Potions
 f - 4 potions of heal wounds
 g - a potion of invisibility
 i - 2 potions of mutation
 j - 2 potions of haste
 q - 4 potions of flight
 r - 7 potions of brilliance
 D - a potion of attraction
 E - a potion of ambrosia {unknown}
 G - 4 potions of curing {unknown}
Miscellaneous
 L - a box of beasts


   Skills:
 - Level 6.0 Fighting
 - Level 10.0 Short Blades
 - Level 2.0 Ranged Weapons
 - Level 4.0 Throwing
 - Level 8.0 Dodging
 + Level 9.7 Stealth
 + Level 5.9 Invocations
 - Level 4.0 Evocations


You had 10 spell levels left.
You didn't know any spells.
Your spell library contained the following spells:

 Spells                   Type           Power      Damage    Failure   Level
 Summon Small Mammal      Summ           0%         N/A       21%         1
 Call Canine Familiar     Summ           0%         N/A       52%         3
 Ignite Poison            Fire/Tmut/Pois 0%         N/A       52%         3
 Kindle Blastsparks       Fire/Tloc/Air  0%         2d10      52%         3
 Stone Arrow              Conj/Erth      0%         3d7       52%         3
 Summon Guardian Golem    Hex/Summ       0%         N/A       52%         3
 Airstrike                Air            0%         2d(0-16)  90%         4
 Fulminant Prism          Conj/Hex       0%         3d5       90%         4
 Iskenderun's Mystic Bla  Conj/Tloc      0%         2d3       90%         4
 Summon Lightning Spire   Summ/Air       0%         N/A       90%         4
 Freezing Cloud           Conj/Ice/Air   0%         6-21      99%         5
 Lee's Rapid Deconstruct  Erth           0%         3d4*      99%         5
 Lightning Bolt           Conj/Air       0%         1d11      99%         5
 Lehudib's Crystal Spear  Conj/Erth      0%         10d2      100%        8
 Animate Armour           Summ/Erth      Unusable   N/A       N/A         4

Dungeon Overview and Level Annotations

Branches:
Dungeon (11/15)            Temple (0/1) D:6             Orc (0/2) D:10
  Sewer (visited)         Ossuary (visited)
   Lair: D:8-11

Altars:
Ashenzari
Cheibriados
Fedhas
Okawaru
Ru
Sif Muna
Trog
Zin
The Shining One
Lugonu

Shops:
D:10 [

Annotations:
D:5 3 runed translucent doors, domi's ghost, novice DsCj
D:6 exclusion: electric eel
D:7 2 transporters
D:8 1 runed translucent door, bmack86's ghost, novice MiFi
D:9 2 transporters, cforsyth's ghost, novice BaFi
D:10 exclusions: lindwurm and two-headed ogre, Joseph
D:11 1 runed translucent door, Selderis's ghost, journeyman TrBe


Innate Abilities, Weirdness & Mutations

You cannot wear most types of armour.
You are amphibious.
You can wear up to eight rings at the same time.
Your skin changes colour to match your surroundings (Stealth+).
Your rubbery body absorbs attacks. (AC +1, EV +1)
((You are camouflaged when in or above water. (Stealth+)))
You have tentacles for arms and can constrict up to eight enemies at once.


Message History

Throw: 7 darts (curare)
Press: ? - help, Shift-Dir - straight line, f - troll
Aim: a troll (69% to hit)
You throw a curare-tipped dart. The curare-tipped dart hits the troll.
The troll is poisoned.
The troll convulses.
The troll seems to slow down.
The troll is moderately wounded.
The troll misses you. The troll claws you! The troll closely misses you.
You hit the troll but do no damage. You squeeze the troll.
The troll is moderately wounded.
You puncture the troll! You burn the troll. You squeeze the troll.
The troll is heavily wounded.
You hit the troll. You burn the troll.
The troll is severely wounded.
The troll bites you! The troll completely misses you.
The troll closely misses you.
You hit the troll. You burn the troll.
The troll is almost dead.
You puncture the troll! You burn the troll.
You kill the troll!
Throw: 6 darts (curare)
Press: ? - help, Shift-Dir - straight line, f - cyclops
Aim: a cyclops, quivering large rocks (89% to hit)
You throw a curare-tipped dart.
The curare-tipped dart hits the cyclops.
The cyclops is poisoned.
The cyclops convulses.
The cyclops seems to slow down.
The cyclops is lightly wounded.
The cyclops throws a large rock.
The large rock hits you!!!
* * * LOW HITPOINT WARNING * * *
You see here a curare-tipped dart.
You puncture the cyclops! You burn the cyclops.
You squeeze the cyclops, but do no damage.
The cyclops is moderately wounded.
You hit the cyclops but do no damage.
You squeeze the cyclops, but do no damage.
The cyclops is moderately wounded.
You hit the cyclops. You burn the cyclops.
The cyclops is severely wounded.
The cyclops hits you!!
You die...

#..K. .##
###.###
#KK###.
#.....# #.)
#. ###.....#
.### .. #.
#.......#
....
#.#.....#
.###
#.#.....#
#.####......
#.# #.####.#
#@# #.# #C#
#.#
###.####.#
#.....# .#
#.###.......
... .##.###
..##. .# #
## #. C# ..
..


You could see a cyclops (very poisoned, slow).

Vanquished Creatures
  Pikel (D:6)
  A manticore (D:11)
  A kobold demonologist (D:10)
  2 trolls
  A hornet (D:8)
  A wyvern (D:6)
  A wraith (D:11)
  A steam dragon (D:7)
  A warg (D:10)
  5 orc warriors
  2 water moccasins
  2 sky beasts
  An ice beast (D:7)
  2 ogres
  A centaur (D:8)
  2 lemures (D:5)
  A phantom (D:5)
  2 kobold brigands
  8 bullfrogs
  A gnoll sergeant (D:10)
  15 scorpions
  9 wights
  4 howler monkeys
  A vampire bat (D:4)
  A centaur zombie (Ossuary)
  5 hounds
  2 human zombies (Ossuary)
  9 orc priests
  A sleepcap (D:7)
  3 jellies
  Jessica (D:2)
  6 iguanas
  6 orc wizards
  Crazy Yiuf (D:3)
  4 scorpion zombies (Ossuary)
  3 mummies (Ossuary)
  9 gnolls
  18 adders
  3 river rats (Sewer)
  A shadow imp (D:6)
  3 white imps
  2 ufetubi
  4 worms
  6 dart slugs
  33 orcs
  5 ball pythons
  13 bats
  3 endoplasms
  8 giant cockroaches
  A gnoll zombie (Ossuary)
  10 goblins
  4 hobgoblins
  8 jackals
  5 quokkas
  11 frilled lizards
  A goblin zombie (Ossuary)
  A hobgoblin zombie (Ossuary)
  14 kobolds
  A kobold zombie (Ossuary)
  An orc zombie (Ossuary)
  16 rats
  A rat zombie (D:5)
290 creatures vanquished.

Vanquished Creatures (others)
  18 fungi (D:11)
  29 plants
47 creatures vanquished.

Grand Total: 337 creatures vanquished

Notes
Turn   | Place    | Note
-------+----------+-------------------------------------------
     0 | D:1      | juan097 the Octopode Brigand began the quest for the Orb.
     0 | D:1      | Reached XP level 1. HP: 14/14 MP: 1/1
   152 | D:1      | Reached XP level 2. HP: 18/19 MP: 2/2
   330 | D:1      | Reached skill level 3 in Short Blades
   330 | D:1      | Reached XP level 3. HP: 17/24 MP: 3/3
  1063 | D:2      | Reached XP level 4. HP: 29/29 MP: 4/4
  1180 | D:2      | Noticed Jessica
  1188 | D:2      | Killed Jessica
  1189 | D:2      | Reached skill level 4 in Short Blades
  1190 | D:2      | Reached XP level 5. HP: 29/34 MP: 5/5
  2229 | D:3      | Found a runed translucent door.
  2230 | D:3      | Noticed Crazy Yiuf
  2237 | D:3      | Killed Crazy Yiuf
  2238 | D:3      | Reached skill level 5 in Short Blades
  2238 | D:3      | Reached XP level 6. HP: 39/39 MP: 6/6
  2759 | D:4      | Reached skill level 1 in Ranged Weapons
  2759 | D:4      | Reached XP level 7. HP: 23/45 MP: 7/7
  2852 | D:4      | Found a glowing golden altar of the Shining One.
  3137 | D:4      | Found a shimmering blue altar of Sif Muna.
  3183 | D:4      | Reached skill level 6 in Short Blades
  3418 | D:4      | Found a glowing silver altar of Zin.
  3663 | D:3      | Identified the +1 ring mail of the Quick Mackerel {rC++}
  3817 | D:4      | Became a worshipper of Zin the Law-Giver
  3817 | D:4      | Reached * piety under Zin
  3842 | D:5      | Entered Level 5 of the Dungeon
  3891 | D:5      | Reached ** piety under Zin
  3926 | D:5      | Found a sand-covered staircase.
  3932 | D:5      | Reached XP level 8. HP: 43/50 MP: 8/8
  3966 | Ossuary  | Entered an ossuary
  4072 | Ossuary  | Reached skill level 7 in Short Blades
  4337 | Ossuary  | Reached skill level 8 in Short Blades
  4762 | Ossuary  | Reached skill level 1 in Invocations
  4890 | Ossuary  | Reached XP level 9. HP: 37/57 MP: 10/10
  5411 | D:5      | Found a runed translucent gate.
  5412 | D:5      | Found a runed translucent gate.
  5412 | D:5      | Noticed domi's ghost (novice DsCj)
  5413 | D:5      | Found a runed translucent gate.
  5434 | D:5      | Reached skill level 5 in Dodging
  5665 | D:5      | Reached *** piety under Zin
  5883 | D:5      | Found a snail-covered altar of Cheibriados.
  6124 | D:6      | Noticed Pikel
  6424 | D:6      | Killed Pikel
  6425 | D:6      | Reached skill level 1 in Evocations
  6479 | D:6      | Found a glowing drain.
  6488 | Sewer    | Entered a sewer
  6963 | D:6      | Identified the +3 ring mail of Ihubemu {rF+ rCorr Dex+5}
  7337 | D:6      | Found a staircase to the Ecumenical Temple.
  7634 | D:7      | Reached XP level 10. HP: 65/65 MP: 12/12
  7648 | D:6      | Reached skill level 5 in Fighting
  7880 | D:7      | Found a sacrificial altar of Ru.
  8062 | D:7      | Found a broken altar of Ashenzari.
  8291 | D:7      | Identified a scroll of acquirement
  8309 | D:7      | Found a transporter.
  8310 | D:7      | Found a transporter.
  8311 | D:7      | Noticed a white ugly thing
  8311 | D:7      | Noticed a brown ugly thing
  8312 | D:7      | Found a corrupted altar of Lugonu.
  8417 | D:8      | Reached **** piety under Zin
  8531 | D:8      | Found an iron altar of Okawaru.
  8841 | D:8      | Found a runed translucent door.
  8875 | D:8      | Noticed bmack86's ghost (novice MiFi)
  8935 | D:8      | Reached skill level 9 in Short Blades
  9448 | D:9      | Found a bloodstained altar of Trog.
  9448 | D:9      | Noticed a two-headed ogre
  9450 | D:9      | Identified the +2 cloak of Kikopuladd {Int+2}
  9450 | D:9      | Noticed cforsyth's ghost (novice BaFi)
  9450 | D:9      | Noticed a tengu warrior
  9457 | D:9      | Found a transporter.
  9460 | D:9      | Found a transporter.
  9460 | D:9      | Noticed a moth of wrath
  9461 | D:9      | Noticed a two-headed ogre
  9463 | D:9      | Noticed a two-headed ogre
  9498 | D:9      | Noticed a cyclops
 10021 | D:9      | Reached ***** piety under Zin
 10182 | D:10     | Entered Level 10 of the Dungeon
 10202 | D:10     | Noticed Joseph
 10266 | D:10     | Found a staircase to the Orcish Mines.
 10424 | D:10     | Found a blossoming altar of Fedhas.
 10694 | D:10     | Noticed a lindwurm
 10698 | D:10     | Noticed a two-headed ogre
 10746 | D:10     | Noticed a kobold demonologist
 10761 | D:10     | Killed a kobold demonologist
 10939 | D:10     | Noticed a lindwurm
 10962 | D:10     | Found a snail-covered altar of Cheibriados.
 10962 | D:10     | Found Cheibriados's Comfort Zone.
 11227 | D:11     | Noticed a manticore
 11233 | D:11     | Killed a manticore
 11234 | D:11     | Reached skill level 5 in Invocations
 11234 | D:11     | Reached XP level 11. HP: 72/72 MP: 14/14
 11260 | D:11     | Noticed a six-headed hydra
 11261 | D:11     | Noticed a manticore
 11261 | D:11     | Noticed a centaur warrior
 11389 | D:11     | Found a runed translucent door.
 11390 | D:11     | Noticed Selderis's ghost (journeyman TrBe)
 11411 | D:11     | Reached skill level 10 in Short Blades
 11428 | D:11     | Noticed a cyclops
 11646 | D:11     | Mangled by a cyclops

Illustrated notes

Levels and vault maps discovered:
D:1:      lordsloth_arrival_two_stooges, layout_basic, minivault_5,
          serial_bayou_pond_e, supply_closet_lemuel
D:2:      layout_rooms, chequers_serial_rivers_small_b, uniq_jessica
D:3:      layout_rooms, lightli_corner_chamber, uniq_crazy_yiuf_cottage
D:4:      layout_loops_cross, zin_treasury, mainiacjoe_overflow_divided_tiny,
          grunt_ministairs_15, roderic_batcave, nrook_loot_triangle
D:5:      layout_basic, lemuel_round_altar, biasface_ghost_orc_armoury,
          enter_ossuary_3, roderic_lattice_a, minivault_14
D:6:      layout_cave_pools, lemuel_temple_firewalk_b, gup_sewer_entry_bubbles,
          hangedman_abyss_or_decor_slice, nicolae_lava_and_water, uniq_pikel
D:7:      gammafunk_corrupted_shrine, layout_basic, lemuel_round_altar,
          kennysheep_mini, mainiacjoe_overflow_alcove_2,
          amcnicky_mini_rare_corridor_liquid
D:8:      layout_loops_ring, okawaru_metal_pillars_1_2, hellmonk_ghost_big_iron
D:9:      layout_roguey, gammafunk_ghost_wrathful_warriors,
          minmay_strange_pillars, uniq_maggie
D:10:     layout_irregular_city, fedhas_altar_2, erik_orc_4, minmay_shop_chei,
          minmay_misc_feat_enclosed, minmay_lindwurm_lava, uniq_joseph
D:11:     layout_loops_ring, grunt_lair_entry_orc_guard_hut,
          ebering_ghost_reflecting_pool, grunt_tough_drop

Skill      XL: |  1  2  3  4  5  6  7  8  9 10 11 |
---------------+----------------------------------+-----
Short Blades   | 3 4 5 6 8 9 10 | 10.0
Dodging        | 2 3 4 6 8 |  8.0
Stealth        | 6 7 8 9 |  9.7
Ranged Weapons | 1 2 |  2.0
Invocations    | 2 3 5 |  5.9
Fighting       | 3 4 6 |  6.0
Throwing       | 3 4 |  4.0
Evocations     | 2 4 |  4.0

Action                     |  1- 3 |  4- 6 |  7- 9 | 10-12 || total
---------------------------+-------+-------+-------+-------++-------
  Melee: Dagger            |    72 |    85 |   298 |    23 ||   478
         Constrict         |    16 |    20 |    58 |    48 ||   142
         Punch             |     2 |     1 |     3 |     5 ||    11
         Tentacles         |    10 |    17 |    81 |    87 ||   195
         Unarmed           |       |       |     7 |       ||     7
         Short sword       |       |       |       |   264 ||   264
   Fire: Sling             |    34 |    29 |    49 |    30 ||   142
  Throw: Dart              |       |    10 |    29 |    15 ||    54
         Throwing net      |       |       |       |     1 ||     1
  Evoke: Wand              |       |       |     4 |     1 ||     5
    Use: Scroll            |       |       |    14 |     4 ||    18
         Potion            |       |       |       |     2 ||     2
   Stab: Sleeping          |     6 |    17 |    47 |     7 ||    77
         Confused          |       |       |     1 |       ||     1
         Distracted        |       |       |       |     2 ||     2
         Held in net/web   |       |       |       |     1 ||     1
 Armour: Skin              |     9 |     2 |     8 |       ||    19
  Dodge: Dodged            |    41 |    26 |   154 |   133 ||   354

Table legend: (Time is in decaauts)
 A = Elapsed time spent in this place.
 B = Non-inter-level travel time spent in this place.
 C = Inter-level travel time spent in this place.
 D = Time resting spent in this place.
 E = Time spent auto-exploring this place.
 F = Levels seen in this place.
 G = Mean time per level.
                   A        B        C        D        E       F      G
               +--------+--------+--------+--------+--------+-----+--------+
         Total |  11367 |  10566 |    801 |    357 |   6992 |  13 |  874.4 |
       Dungeon |   9938 |   9137 |    801 |    301 |   6133 |  11 |  903.5 |
         Sewer |    354 |    354 |      0 |      0 |    182 |   1 |  354.0 |
       Ossuary |   1074 |   1074 |      0 |     56 |    677 |   1 | 1074.0 |
               +--------+--------+--------+--------+--------+-----+--------+

Top non-repeatable levels by time:
     D:4: 1432 daAuts
     D:5: 1243 daAuts
 Ossuary: 1074 daAuts
     D:6: 961 daAuts
     D:1: 948 daAuts
     D:8: 928 daAuts
    D:10: 870 daAuts
     D:9: 853 daAuts
     D:3: 815 daAuts
     D:7: 740 daAuts
     D:2: 696 daAuts
    D:11: 448 daAuts
   Sewer: 354 daAuts
